 Dungeon Sprint DCSS version 0.21.1-1-g345015f (webtiles) character file.

3168 wilfster70 the Covert (level 9, -12/42 HPs)
             Began as a Spriggan Enchanter on Feb 23, 2018.
             Was a Believer of Dithmenos.
             Killed from afar by an oklob plant (14 damage)
             ... with a splash of acid
             ... in the Dungeon (Sprint I: "Red Sonja").
             The game lasted 00:05:27 (893 turns).

wilfster70 the Covert (Spriggan Enchanter)           Turns: 893, Time: 00:05:28

Health: -12/42     AC: -6    Str:  4    XL:     9   Next: 63%
Magic:  24/25      EV: 29    Int: 19    God:    Dithmenos [**....]
Gold:   639        SH:  0    Dex: 17    Spells: 22/31 levels left

rFire    . . .     SeeInvis +   a - +1 dagger (drain)
rCold    . . .     Gourm    .   (shield restricted)
rNeg     . . .     Faith    .   b - +0 robe
rPois    .         Spirit   .   (helmet restricted)
rElec    .         Reflect  .   (no cloak)
rCorr    .         Harm     .   (gloves unavailable)
MR       +....     NoTele   +   (boots unavailable)
Stlth    +++++++...             (no amulet)
HPRegen  0.14/turn              (no ring)
MPRegen  0.19/turn              (no ring)

@: corroded, wreathed by umbra, very quick
A: very small, unfitting armour, see invisible, herbivore, speed 3, slow
metabolism 2
a: Shadow Step, Renounce Religion


You were in the Dungeon.
You worshipped Dithmenos.
Dithmenos was pleased with you.
You were not hungry.

You visited 1 branch You collected 639 gold pieces.

Inventory:

Hand Weapons
 a - a +1 dagger of draining (weapon)
Armour
 b - a +0 robe (worn)
Wands
 i - a wand of polymorph (22)
Scrolls
 j - a scroll of blinking
 k - a scroll of identify {unknown}
Potions
 e - 2 potions of curing
 f - 3 potions of heal wounds
 g - a potion of haste
 h - 2 potions of magic
Books
 c - a book of Maledictions

   Spells                             Type                      Level
   a - Corona                         Hexes                        1
   b - Ensorcelled Hibernation        Hexes/Ice                    2
   c - Confuse                        Hexes                        3
   d - Tukima's Dance                 Hexes                        3
   e - Dazzling Spray                 Conjuration/Hexes            3
Comestibles
 d - a ration


   Skills:
 + Level 1.7 Fighting
 - Level 10.2 Short Blades
 - Level 13.0 Dodging
 + Level 14.9 Stealth
 + Level 11.7 Spellcasting
 + Level 11.7 Hexes
 - Level 6.0 Ice Magic


You had 22 spell levels left.
You knew the following spells:

 Your Spells              Type           Power        Failure   Level  Hunger
a - Corona                Hex            ######.      1%          1    None
b - Ensorcelled Hibernat  Hex/Ice        #####.       1%          2    None
c - Dazzling Spray        Conj/Hex       ####..       1%          3    None
d - Confuse               Hex            ######..     1%          3    None


Dungeon Overview and Level Annotations

Branches:
Dungeon (1/1)

Altars:
Cheibriados
Dithmenos
Elyvilon
Fedhas
Gozag
Hepliaklqana
Kikubaaqudgha
Makhleb
Nemelex Xobeh
Okawaru
Qazlal
Ru
Sif Muna
Trog
Uskayaw
Vehumet
Wu Jian
Xom
Yredelemnul
Zin
The Shining One
Jiyva
Lugonu

Shops:
D %*[

Annotations:
D exclusion: oklob plant


Innate Abilities, Weirdness & Mutations

You are very small and have problems with some larger weapons.
You are too small for most types of armour.
You have supernaturally acute eyesight. (SInv)
You are a herbivore.
You cover ground extremely quickly.
You need consume almost no food.


Message History

The oklob plant is lightly damaged.
The oklob plant spits acid at you. The splash of acid hits you!
The acid corrodes you!
You are splashed with acid!
The acid burns!
* * * LOW HITPOINT WARNING * * *
You hit the oklob plant but do no damage.
The oklob plant is lightly damaged.
You hit the oklob plant but do no damage.
The oklob plant is lightly damaged.
You hit the oklob plant but do no damage.
The oklob plant is lightly damaged.
You hit the oklob plant but do no damage.
The oklob plant is lightly damaged.
You hit the oklob plant but do no damage.
The oklob plant is lightly damaged.
You hit the oklob plant but do no damage.
The oklob plant is lightly damaged.
The oklob plant spits acid at you. The splash of acid hits you!
You die...

############
..#.)'..#__#
.)'..#..'..+
#'#####'#__####
..#...#.####§§####
###..##)#≈≈§§§#§.#
__##'#_.§≈≈§§§§§§#
..÷'..._#(§§§§#.§#
__##_.#'##§#####@#
__###'#.#.§((###P'§#
#####.####§###.###§#
...'...'..÷..'[∩# §#
####.).########## #
##.## #+#


You could see an oklob plant.

Vanquished Creatures
  2 centaur warriors (D)
  Sonja (D)
  A deep troll (D)
  A hornet (D)
  A slime creature (D)
  Sigmund (D)
  A yak (D)
  An ogre (D)
  A jelly (D)
  Ijyb (D)
11 creatures vanquished.

Vanquished Creatures (others)
  A hornet (D)
1 creature vanquished.

Grand Total: 12 creatures vanquished

Notes
Turn   | Place    | Note
-------+----------+-------------------------------------------
     0 | D        | wilfster70 the Spriggan Enchanter began the quest for the Orb.
     0 | D        | Reached XP level 1. HP: 9/9 MP: 5/5
     1 | D        | Noticed Ijyb
    14 | D        | Killed Ijyb
    14 | D        | Reached skill level 6 in Stealth
    14 | D        | Reached XP level 2. HP: 12/13 MP: 6/8
    58 | D        | Learned a level 2 spell: Ensorcelled Hibernation
   134 | D        | Noticed an ogre
   138 | D        | Killed an ogre
   138 | D        | Reached skill level 7 in Stealth
   138 | D        | Reached skill level 5 in Spellcasting
   138 | D        | Reached skill level 5 in Hexes
   138 | D        | Reached XP level 3. HP: 16/16 MP: 6/10
   138 | D        | Reached XP level 4. HP: 21/21 MP: 7/12
   143 | D        | Learned a level 3 spell: Dazzling Spray
   151 | D        | Noticed Sigmund
   154 | D        | Killed Sigmund
   154 | D        | Reached skill level 5 in Short Blades
   154 | D        | Reached skill level 9 in Stealth
   154 | D        | Reached XP level 5. HP: 24/24 MP: 9/15
   203 | D        | Found a deep blue altar of Sif Muna.
   204 | D        | Found an ornate altar of the Wu Jian Council.
   205 | D        | Found a radiant altar of Vehumet.
   209 | D        | Reached XP level 6. HP: 28/28 MP: 17/17
   212 | D        | Found Ofufraog's Assorted Antiques.
   212 | D        | Found an ancient bone altar of Kikubaaqudgha.
   212 | D        | Found a hazy altar of Hepliaklqana.
   212 | D        | Found a stormy altar of Qazlal.
   212 | D        | Found a hide-covered altar of Uskayaw.
   212 | D        | Found a blossoming altar of Fedhas.
   212 | D        | Found a bloodstained altar of Trog.
   212 | D        | Found an iron altar of Okawaru.
   212 | D        | Found a basalt altar of Yredelemnul.
   212 | D        | Found a glowing golden altar of the Shining One.
   212 | D        | Found a snail-covered altar of Cheibriados.
   212 | D        | Found a sacrificial altar of Ru.
   212 | D        | Found a glowing silver altar of Zin.
   212 | D        | Found a shadowy altar of Dithmenos.
   212 | D        | Found a white marble altar of Elyvilon.
   212 | D        | Noticed a yak
   213 | D        | Found an opulent altar of Gozag.
   214 | D        | Killed a yak
   214 | D        | Reached skill level 10 in Stealth
   215 | D        | Found a sparkling altar of Nemelex Xobeh.
   246 | D        | Noticed a centaur warrior
   246 | D        | Noticed a centaur warrior
   249 | D        | Noticed Sonja
   259 | D        | Became a worshipper of Dithmenos the Shadowed
   272 | D        | Killed Sonja
   272 | D        | Reached skill level 10 in Dodging
   272 | D        | Reached skill level 11 in Stealth
   272 | D        | Reached skill level 5 in Ice Magic
   272 | D        | Reached XP level 7. HP: 32/32 MP: 17/20
   272 | D        | Reached XP level 8. HP: 36/36 MP: 18/22
   287 | D        | Noticed a deep troll
   291 | D        | Killed a deep troll
   291 | D        | Reached skill level 12 in Stealth
   291 | D        | Reached skill level 10 in Hexes
   297 | D        | Found Dibram's Armour Emporium.
   332 | D        | Killed a centaur warrior
   332 | D        | Reached * piety under Dithmenos
   332 | D        | Reached skill level 13 in Stealth
   332 | D        | Reached skill level 10 in Spellcasting
   332 | D        | Reached XP level 9. HP: 15/39 MP: 20/24
   335 | D        | Killed a centaur warrior
   335 | D        | Reached skill level 10 in Short Blades
   335 | D        | Reached skill level 14 in Stealth
   340 | D        | Learned a level 3 spell: Confuse
   521 | D        | Reached skill level 1 in Fighting
   537 | D        | Found Seratt's Food Boutique.
   571 | D        | Found a burning altar of Makhleb.
   571 | D        | Found a viscous altar of Jiyva.
   571 | D        | Found a shimmering altar of Xom.
   571 | D        | Found a corrupted altar of Lugonu.
   574 | D        | Reached ** piety under Dithmenos
   598 | D        | Noticed an oklob plant
   887 | D        | HP: 1/42 [acid (15)]
   893 | D        | Killed from afar by an oklob plant

Skill      XL: |  1  2  3  4  5  6  7  8  9 |
---------------+----------------------------+-----
Short Blades   | 2 4 5 8 9 10 | 10.2
Dodging        | 4 6 7 8 10 12 13 | 13.0
Stealth        | 6 7 9 11 13 14 | 14.9
Spellcasting   | 4 5 6 7 9 10 11 | 11.7
Hexes          | 4 5 7 9 10 11 | 11.7
Ice Magic      | 2 3 5 6 |  6.0
Fighting       | 1 |  1.7

Action                   |  1- 3 |  4- 6 |  7- 9 || total
-------------------------+-------+-------+-------++-------
Melee: Dagger            |    12 |     4 |    24 ||    40
 Cast: Ensorcelled Hiber |     1 |       |     3 ||     4
       Dazzling Spray    |       |       |     2 ||     2
  Use: Potion            |     1 |       |       ||     1
 Stab: Sleeping          |     1 |     4 |     5 ||    10
Dodge: Dodged            |     4 |       |     6 ||    10
